 Dungeon Crawl Stone Soup version 0.24.1-8-ga250c9d538 (webtiles) character file.

Game seed: 10698083093718150555, levelgen mode: deterministic

302 Peloso the Skirmisher (level 6, -2/48 HPs)
             Began as a Demonspawn Fighter on May 1, 2020.
             Slain by a killer bee (3 damage)
             ... on level 5 of the Dungeon.
             The game lasted 00:04:46 (2974 turns).

Peloso the Skirmisher (Demonspawn Fighter)          Turns: 2974, Time: 00:04:47

Health: -2/48      AC:  6    Str: 19    XL:     6   Next: 14%
Magic:  6/6        EV: 10    Int:  9    God:
Gold:   139        SH:  9    Dex: 12    Spells: 5/5 levels left

rFire    . . .     SeeInvis .   a - +0 long sword
rCold    + . .     Gourm    .   c - +0 shield
rNeg     . . .     Faith    .   b - +0 scale mail
rPois    .         Spirit   .   (no helmet)
rElec    .         Reflect  .   (no cloak)
rCorr    .         Harm     .   (no gloves)
MR       .....                  (no boots)
Stlth    ..........             (no amulet)
HPRegen  0.16/turn              i - ring of protection from cold
MPRegen  0.10/turn              (no ring)

@: lethally poisoned (-2 -> -27)
A: hooves 1, repulsion field 2, powered by death 1, powered by pain 1
a: no special abilities


You were on level 5 of the Dungeon.
You were hungry.

You visited 1 branch of the dungeon, and saw 5 of its levels.

You collected 139 gold pieces.

Inventory:

Hand Weapons
 a - a +0 long sword (weapon)
Armour
 b - a +0 scale mail (worn)
 c - a +0 shield (worn)
Jewellery
 i - a ring of protection from cold (left hand)
 s - an uncursed amulet of rage {unknown}
Scrolls
 e - 2 scrolls of identify
 g - 3 scrolls of enchant armour {unknown}
 h - 2 scrolls of fog {unknown}
 j - a scroll of remove curse {unknown}
 l - a scroll of noise {unknown}
 m - 3 scrolls of teleportation {unknown}
 o - a scroll of blinking
 p - a scroll of fear {unknown}
 r - a scroll of amnesia {unknown}
Potions
 d - a potion of might
 k - 2 potions of curing
 n - a potion of ambrosia
 q - a potion of heal wounds
Comestibles
 f - 9 rations


   Skills:
 + Level 4.0 Fighting
 + Level 3.9 Long Blades
 + Level 3.6 Armour
 + Level 0.8 Dodging
 + Level 0.2 Stealth
 + Level 3.5 Shields


You had 5 spell levels left.
You didn't know any spells.
Your spell library was empty.

Dungeon Overview and Level Annotations

Branches:
Dungeon (5/15)
 Temple: D:4-7

Altars:
Qazlal
Xom

Annotations:
D:4 2 transporters, Teror's ghost, amateur DsNe


Innate Abilities, Weirdness & Mutations

You have large cloven feet.
You are surrounded by a moderate repulsion field. (EV +3)
You regenerate a little health from kills.
You sometimes gain a little power by taking damage.


Message History

* * * LOW HITPOINT WARNING * * *
You are lethally poisoned!
The killer bee poisons you! You block the killer bee's attack.
The killer bee closely misses you.
You riposte.
You slash the killer bee!
The killer bee is severely wounded.
The killer bee stings you but does no damage.
* * * LOW HITPOINT WARNING * * *
You feel sick. The killer bee stings you!
* * * LOW HITPOINT WARNING * * *
You are more poisoned.
The killer bee poisons you! The killer bee closely misses you.
The killer bee misses you.
You riposte.
You barely miss the killer bee.
You kick the killer bee, but do no damage.
The killer bee is severely wounded.
You block the killer bee's attack.
* * * LOW HITPOINT WARNING * * *
You feel sick.
The killer bee stings you but does no damage.
The killer bee stings you.
You die...

##. ##..# ....
..y # yy .# #y
..#
#####y###...#.#
#....y@<......#
#.###.....).#.#
.)........#
#.###.##......!
.. ......# ...
..#.#.. ##.#
..#.... #. ..#
#.


You could see 6 killer bees.

Vanquished Creatures
  A phantom (D:4)
  A centaur (D:4)
  A worker ant (D:4)
  A howler monkey skeleton (D:4)
  4 adders
  A worm (D:3)
  A dart slug (D:1)
  2 leopard geckos
  An orc (D:3)
  A ball python (D:4)
  7 giant cockroaches
  3 goblins
  6 hobgoblins
  7 jackals (D:1)
  6 kobolds
  7 bats
  4 frilled lizards
  4 rats
58 creatures vanquished.

Notes
Turn   | Place    | Note
-------+----------+-------------------------------------------
     0 | D:1      | Peloso the Demonspawn Fighter began the quest for the Orb.
     0 | D:1      | Reached XP level 1. HP: 18/18 MP: 1/1
    82 | D:1      | Gained mutation: You are surrounded by a mild repulsion
                  | field. (EV +2) [demonic ancestry]
    82 | D:1      | Reached XP level 2. HP: 21/24 MP: 2/2
   345 | D:1      | Gained mutation: You are surrounded by a moderate repulsion
                  | field. (EV +3) [demonic ancestry]
   345 | D:1      | Reached XP level 3. HP: 20/29 MP: 3/3
   875 | D:2      | Found a shimmering altar of Xom.
  1675 | D:3      | Gained mutation: You regenerate a little health from kills.
                  | [demonic ancestry]
  1675 | D:3      | Reached XP level 4. HP: 30/35 MP: 4/4
  2236 | D:4      | Found a transporter.
  2236 | D:4      | Noticed a necrophage
  2241 | D:4      | Noticed Teror's ghost (amateur DsNe)
  2258 | D:4      | Found a transporter.
  2330 | D:4      | Noticed a centaur
  2349 | D:4      | Killed a centaur
  2349 | D:4      | Gained mutation: You sometimes gain a little power by
                  | taking damage. [demonic ancestry]
  2349 | D:4      | Reached XP level 5. HP: 12/42 MP: 5/5
  2601 | D:4      | Noticed a phantom
  2664 | D:4      | Killed a phantom
  2664 | D:4      | Gained mutation: You have large cloven feet. [demonic
                  | ancestry]
  2664 | D:4      | Reached XP level 6. HP: 16/48 MP: 6/6
  2929 | D:4      | Found a stormy altar of Qazlal.
  2933 | D:4      | Reached skill level 4 in Fighting
  2965 | D:5      | Entered Level 5 of the Dungeon
  2974 | D:5      | HP: 1/48 [poisoned by a killer bee]
  2974 | D:5      | Slain by a killer bee

Levels and vault maps discovered:
D:1:      doesnt_arrival_eight_statues, layout_basic, minivault_27
D:2:      layout_basic, lemuel_altar_in_water
D:3:      layout_basic
D:4:      layout_rooms, lemuel_doored_altar, gammafunk_ghost_arena, first_ration
D:5:      layout_basic, ebering_ghost_rock_garden, uniq_sigmund, uniq_eustachio,
          uniq_grinder, uniq_menkaure

Skill      XL: |  1  2  3  4  5  6 |
---------------+-------------------+-----
Armour         | 3 |  3.6
Long Blades    | 2 3 |  3.9
Shields        | 3 |  3.5
Fighting       | 4 |  4.0
Dodging        | |  0.8
Stealth        | |  0.2

Action                   |  1- 3 |  4- 6 || total
-------------------------+-------+-------++-------
Melee: Long sword        |   131 |    91 ||   222
       Kick              |       |     1 ||     1
  Use: Potion            |     5 |     1 ||     6
       Scroll            |     2 |       ||     2
 Stab: Distracted        |       |     1 ||     1
  Eat: Chunk             |     2 |     4 ||     6
Armor: Scale mail        |    79 |    27 ||   106
Dodge: Dodged            |    63 |    47 ||   110
Block: Shield            |    77 |    60 ||   137
       Rpst.: Long sword |    18 |    18 ||    36
